Map: [ESL] Royal Blood

Players

MacSed

  • Race: Protoss Protoss
  • Spawn Location: 1:00

Oriana - Winner!

  • Race: Terran Terran
  • Spawn Location: 7:00

Event: ESL SC2 Masters 2023 Summer (Regionals)

VOD

Have the link to the VOD?

Description

Time

  • Played on: May 13, 2023, 7:25 a.m.
  • Length: 15:36

All games in this series

Show
View Real Time Build Order
Export as new Build Order

MacSed Protoss 

Build Orders: 1 Gate Expand, Phoenix Opening, Colossus Rush 

Get SALT Encoding   

  12  0:00  Probe  
  13  0:12  Probe  
  14  0:18  Pylon  
  14  0:24  Probe (Chrono Boost)  
  15  0:36  Probe (Chrono Boost)  
  15  0:37  Gateway  
  16  0:45  Probe (Chrono Boost)  
  16  0:46  Assimilator  
  17  0:50  Probe  
  18  1:03  Probe  
  19  1:15  Probe  
  20  1:24  Cybernetics Core  
  20  1:32  Nexus  
  20  1:38  Pylon  
  20  1:41  Probe  
  21  1:48  Assimilator  
  21  1:53  Probe  
  22  1:58  Adept (Chrono Boost)  
  22  2:01  Warp Gate  
  24  2:06  Probe  
  25  2:18  Probe, Adept (Chrono Boost)  
  28  2:30  Probe  
  29  2:43  Stargate  
  30  2:44  Probe (Chrono Boost), Adept  
  30  2:45  Probe (Chrono Boost)  
  33  2:56  Probe (Chrono Boost)  
  35  2:59  Probe (Chrono Boost)  
  35  3:01  Probe (Chrono Boost)  
  35  3:03  Robotics Facility  
  36  3:06  Probe  
  36  3:11  Probe  
  38  3:14  Pylon  
  38  3:18  Probe  
  39  3:23  Probe  
  40  3:27  Phoenix  
  40  3:30  Probe  
  43  3:35  Probe, Assimilator  
  43  3:37  Assimilator  
  43  3:40  Gateway  
  44  3:42  Probe  
  44  3:48  Probe  
  46  3:51  Observer  
  46  3:54  Phoenix, Probe  
  50  3:59  Pylon  
  50  4:00  Probe  
  51  4:05  Zealot  
  51  4:07  Probe, Pylon  
  54  4:17  Probe  
  54  4:19  Probe  
  54  4:23  Phoenix  
  56  4:27  Robotics Bay  
  56  4:29  Probe  
  56  4:31  Probe  
  58  4:42  Zealot x2  
  64  4:47  Pylon  
  64  4:48  Phoenix  
  64  4:50  Immortal (Chrono Boost)  
  68  5:05  Nexus  
  68  5:09  Probe  
  69  5:19  Colossus (Chrono Boost)  
  69  5:21  Extended Thermal Lance  
  75  5:29  Twilight Council  
  75  5:33  Probe  
  76  5:37  Observer  
  76  5:39  Gateway  
  76  5:41  Probe, Gateway  
  77  5:45  Probe  
  78  5:55  Pylon x2  
  78  6:05  Charge (Chrono Boost)  
  78  6:09  Colossus (Chrono Boost)  
  78  6:10  Probe  
  78  6:12  Phoenix  
  78  6:17  Zealot x2  
  90  6:20  Shield Battery  
  90  6:22  Probe x2  
  90  6:23  Probe  
  93  6:34  Probe x2  
  93  6:36  Probe  
  93  6:38  Zealot, Sentry  
  93  6:39  Zealot x2  
  104  6:44  Templar Archives  
  104  6:46  Probe  
  105  6:47  Phoenix  
  107  6:57  Probe  
  108  7:01  Pylon  
  108  7:06  Probe  
  109  7:09  Pylon  
  109  7:15  Gateway  
  109  7:19  Probe, Colossus  
  116  7:24  Probe  
  116  7:25  Gateway  
  116  7:26  Gateway  
  116  7:27  Probe, Pylon  
  116  7:29  High Templar  
  120  7:30  High Templar  
  120  7:32  Gateway  
  120  7:36  Probe x2  
  124  7:39  Assimilator  
  124  7:40  Assimilator  
  123  7:50  Phoenix  
  123  7:51  Probe  
  126  7:53  Probe  
  126  7:56  Probe  
  128  8:00  Archon  
  128  8:01  Forge  
  128  8:02  High Templar x2, Pylon  
  132  8:07  Probe  
  132  8:11  Archon  
  111  8:15  Zealot x2  
  104  8:23  Zealot x3  
  104  8:24  Colossus  
  104  8:26  Phoenix  
  100  8:37  Zealot  
  100  8:38  Zealot x3  
  94  8:42  Probe  
  94  8:48  Nexus, Probe  
  93  8:54  Probe, High Templar x2, Zealot  
  101  8:56  Zealot  
  101  9:00  Archon  
  103  9:03  Phoenix  
  103  9:07  Pylon  
  103  9:09  Protoss Ground Weapons Level 1  
  103  9:12  Warp Prism  
  105  9:27  Zealot x2, Sentry  
  105  9:31  Phoenix (Chrono Boost)  
  111  9:38  Zealot  
  115  9:41  Pylon  
  115  9:45  Pylon  
  115  9:48  Zealot  
  117  10:08  Zealot x6  
  117  10:09  High Templar x2  
  133  10:20  Archon  
  125  10:34  Zealot x6  
  111  10:37  Colossus (Chrono Boost)  
  111  10:39  Probe  
  111  10:40  Probe  
  111  10:42  Probe  
  84  10:46  Phoenix  
  84  10:49  Assimilator  
  84  10:50  High Templar x2, Assimilator  
  88  10:58  Pylon  
  88  11:00  Archon  
  88  11:01  Zealot x4  
  94  11:13  Phoenix  
  96  11:21  Colossus (Chrono Boost)  
  102  11:26  Protoss Ground Armor Level 1  
  102  11:28  Zealot x2  
  106  11:34  Nexus  
  106  11:36  Robotics Facility  
  106  11:38  Pylon  
  99  11:40  Phoenix  
  108  11:59  Colossus (Chrono Boost)  
  114  12:02  Zealot x6  
  114  12:05  Zealot x2  
  128  12:12  Phoenix  
  126  12:25  Zealot x5  
  139  12:31  Disruptor (Chrono Boost), Zealot x2  
  125  12:37  Zealot  
  111  12:46  Zealot x3  
  102  12:53  Zealot x3  
  102  12:54  Zealot  
  98  13:01  Colossus (Chrono Boost)  
  102  13:06  High Templar  
  102  13:07  High Templar x3  
  102  13:09  Robotics Facility  
  102  13:11  Archon  
  102  13:12  Archon  
  108  13:32  Phoenix  
  110  13:38  Nexus  
  110  13:41  Pylon  
  110  13:45  High Templar x2  
  110  13:46  Zealot x4  
  122  13:50  Photon Cannon  
  122  13:51  Archon, Colossus (Chrono Boost)  
  128  13:58  Adept x2  
  128  13:59  Disruptor  
  134  14:23  Zealot x4  
  108  14:26  Zealot x2  
  90  14:35  Disruptor (Chrono Boost)  
  72  14:39  Disruptor (Chrono Boost)  
  72  14:41  Zealot x3  
  78  14:45  Zealot  
  78  14:46  Zealot x3  
  78  14:49  Phoenix  
  78  14:52  Probe  
  77  15:07  Forge  
  77  15:09  Observer (Chrono Boost)  
  86  15:22  High Templar x2  
  86  15:26  Archon  
Show
View Real Time Build Order
Export as new Build Order

Oriana Terran - Winner!

Build Orders: Reaper Expand 

Get SALT Encoding   

  12  0:00  SCV  
  13  0:12  SCV  
  14  0:17  Supply Depot  
  14  0:24  SCV  
  15  0:38  SCV  
  15  0:39  Barracks  
  16  0:43  Refinery  
  16  0:50  SCV  
  17  1:02  SCV  
  18  1:15  SCV  
  19  1:28  Orbital Command, Reaper  
  20  1:42  Command Center  
  20  1:51  Supply Depot  
  20  1:53  SCV  
  21  1:59  Marine  
  22  2:06  SCV  
  23  2:09  Factory  
  23  2:17  Bunker  
  23  2:20  SCV  
  24  2:22  Barracks Reactor  
  24  2:27  Refinery  
  24  2:32  SCV  
  25  2:44  SCV  
  26  2:53  Hellion  
  26  2:55  Starport  
  26  2:56  SCV  
  26  2:58  Orbital Command  
  29  3:02  Marine  
  29  3:03  Marine  
  31  3:09  SCV  
  32  3:16  Factory Tech Lab  
  32  3:17  Supply Depot  
  32  3:21  Marine x2  
  32  3:24  SCV x2  
  36  3:36  SCV x2  
  36  3:38  Barracks  
  36  3:41  Raven, Factory Tech Lab  
  40  3:50  Marine x2  
  40  3:51  SCV  
  40  3:52  SCV  
  40  3:53  Supply Depot  
  41  4:00  Cyclone  
  44  4:04  SCV x2  
  44  4:07  Barracks  
  46  4:11  Marine x2  
  46  4:16  SCV x2  
  50  4:28  SCV x2  
  50  4:29  Engineering Bay  
  50  4:30  Marine x2, Refinery  
  54  4:37  Supply Depot  
  54  4:38  Stimpack  
  54  4:40  SCV x2  
  56  4:47  Supply Depot  
  56  4:49  Marine x2  
  56  4:50  Starport Reactor  
  56  4:52  SCV x2  
  60  4:56  Terran Infantry Weapons Level 1  
  60  5:01  Supply Depot  
  60  5:03  Combat Shield  
  60  5:04  SCV x2  
  60  5:06  Marauder  
  64  5:08  Marauder  
  64  5:13  Marine x2, Refinery  
  68  5:17  Supply Depot  
  68  5:18  SCV  
  68  5:19  SCV  
  70  5:21  Factory Tech Lab  
  69  5:28  Supply Depot  
  69  5:33  Marine x2  
  69  5:34  Marauder x2  
  75  5:38  Medivac x2  
  75  5:41  SCV x2  
  78  5:52  Marine x2  
  80  5:58  Supply Depot  
  80  6:02  Marauder x2  
  84  6:05  Command Center  
  84  6:08  SCV x2  
  86  6:13  Marine x2  
  86  6:14  Siege Tank  
  91  6:20  SCV x2  
  91  6:23  Supply Depot  
  91  6:24  Marauder x2  
  91  6:25  Concussive Shells  
  97  6:33  Marine x2  
  99  6:43  Missile Turret  
  99  6:44  Barracks, Medivac x2  
  99  6:45  Barracks  
  103  6:48  SCV x2  
  103  6:51  Siege Tank  
  103  6:53  Marauder  
  103  6:54  Marauder  
  112  6:55  Marine  
  112  6:56  Marine  
  114  7:05  Supply Depot  
  114  7:06  SCV x2  
  114  7:07  Terran Infantry Armor Level 1  
  116  7:18  SCV  
  116  7:20  Marine x2, Marauder x2  
  123  7:23  SCV  
  123  7:25  Siege Tank  
  123  7:29  Medivac x2  
  131  7:30  SCV  
  131  7:33  Barracks Tech Lab, Supply Depot  
  131  7:34  Barracks Reactor  
  131  7:36  Orbital Command  
  132  7:42  SCV x2  
  134  7:46  Marine x2, Ghost Academy  
  134  7:49  Marauder  
  134  7:51  Marauder  
  139  8:02  Marauder  
  139  8:03  SCV x3  
  139  8:04  Marine x2  
  143  8:13  Marine  
  143  8:14  Marine, Marauder x2  
  144  8:22  SCV x3  
  144  8:23  Refinery  
  145  8:28  Marine x2  
  145  8:29  Marauder  
  138  8:35  Ghost x2  
  138  8:41  Marine x2  
  123  8:48  Marine x2  
  115  8:49  Medivac x2, Siege Tank  
  115  8:52  Refinery  
  115  9:06  Marine x3  
  115  9:08  SCV x3  
  121  9:11  Supply Depot  
  121  9:13  Supply Depot  
  121  9:14  Supply Depot  
  121  9:16  Marine, Ghost x2  
  126  9:21  SCV x3  
  122  9:31  Bunker  
  122  9:33  SCV x3, Supply Depot  
  122  9:35  Marine x4  
  129  9:38  Armory  
  129  9:39  Engineering Bay  
  129  9:47  Supply Depot  
  129  9:48  Marauder x3, Missile Turret, Supply Depot  
  129  9:50  Viking x2  
  129  9:51  SCV  
  129  9:52  SCV x2  
  142  10:02  Missile Turret  
  142  10:03  Marine x4  
  146  10:13  Marauder x3  
  146  10:14  Command Center  
  155  10:18  Orbital Command, Barracks  
  155  10:19  Barracks  
  152  10:27  Barracks  
  137  10:29  Factory Reactor  
  137  10:32  Marine x4  
  110  10:39  Marine x2  
  99  10:43  SCV x3  
  99  10:47  Marauder  
  104  10:50  Medivac x2  
  108  10:57  SCV x3  
  110  11:08  Marine x4  
  114  11:14  Barracks Reactor, Barracks Tech Lab  
  114  11:17  Barracks Reactor  
  114  11:18  SCV x3  
  117  11:20  Viking x2  
  117  11:22  Marauder x3  
  117  11:24  Ghost  
  129  11:27  Widow Mine x2  
  129  11:32  Terran Infantry Weapons Level 2  
  133  11:36  SCV  
  133  11:37  SCV x2  
  136  11:41  Terran Infantry Armor Level 2  
  136  11:43  Planetary Fortress  
  136  11:44  Marauder  
  138  11:47  Marine x3  
  138  11:48  Marine  
  142  11:58  Marine  
  142  11:59  Marine x3  
  144  12:01  SCV x3  
  144  12:11  Marine  
  144  12:12  Marine x3, Marauder x2  
  152  12:32  Marine x3  
  152  12:33  Marauder x2  
  152  12:34  Widow Mine x2  
  152  12:37  Marine x2  
  152  12:42  Marine x2  
  152  12:43  Marauder  
  142  12:47  SCV  
  142  12:48  SCV x3  
  140  12:52  Marine x2, Medivac  
  140  12:53  Medivac  
  137  13:02  Ghost x2  
  132  13:10  Marine x2  
  132  13:11  Marine x2  
  132  13:12  Widow Mine x2  
  140  13:16  Ghost  
  140  13:18  Marine  
  140  13:19  Marine  
  140  13:30  Marine  
  140  13:31  Marine  
  140  13:32  Ghost x2  
  146  13:34  Missile Turret  
  143  13:42  Command Center  
  143  13:45  Widow Mine x2  
  143  13:48  Starport, Marauder  
  147  13:49  Fusion Core, Marauder x2  
  147  13:51  Marine  
  147  13:52  Marine x4  
  147  13:54  Marine  
  159  14:01  SCV  
  160  14:05  SCV x2  
  162  14:13  Marine x5  
  162  14:14  Marauder x2  
  170  14:23  Marine, Marauder  
  170  14:24  Marauder x2  
  159  14:31  Marine x2  
  158  14:35  Marauder x2  
  151  14:42  Marine x2  
  151  14:43  Marine  
  151  14:45  Marauder x2  
  150  14:52  Marine x3  
  150  14:53  Marauder  
  150  14:54  Medivac x2  
  150  14:55  Starport Reactor  
  150  14:57  Marauder x2  
  150  15:00  Marine  
  150  15:05  Refinery  
  151  15:09  Refinery  
  151  15:17  Marine x5  
Tags
 
Add a new tag
Caveats
  • Supply blocks, unpowered buildings, or Contaminate may cause inaccurate times.
  • Supply counts are checked every 10 seconds.